 Dungeon Crawl Stone Soup version 0.29-a0-824-gd827844252 (webtiles) character file.

Game seed: 16300248800804363909

308347 buhh the Alchemist (level 20, -3/205 HPs)
             Began as an Octopode Transmuter on July 9, 2022.
             Was the Champion of Cheibriados.
             Slain by an Orb Guardian (25 damage)
             ... on level 5 of the Realm of Zot.
             The game lasted 00:49:13 (43478 turns).

buhh the Alchemist (Octopode Transmuter)           Turns: 43478, Time: 00:49:14

Health: -3/205     AC: 28    Str: 41    XL:     20   Next: 77%
Magic:  3/61       EV: 18    Int: 39    God:    Cheibriados [******]
Gold:   2943       SH:  5    Dex: 27    Spells: 17/49 levels left

rFire   + + .      SeeInvis +     - Unarmed
rCold   x . .      Faith    .   (shield currently unavailable)
rNeg    . . .      Spirit   .   (helmet currently unavailable)
rPois   +          Reflect  +   C - amulet of reflection
rElec   +          Harm     .   e - ring of wizardry
rCorr   .          Rampage  .   n - ring of magical power
Will    ++...      Clarity  +   g - ring of Ateazigg {Contam +Blink rElec rPois Str+6}
Stlth   +++.......              X - +4 ring of protection
HPRegen 0.44/turn               U - ring of see invisible
MPRegen 0.37/turn               J - +4 ring of protection
                                l - ring of magical power
                                S - +4 ring of protection

@: dragon-form, flying, unable to drink, very slow
A: dragon claw, dragon scales, breathe fire, flying, boosted hp, almost no
armour, amphibious, 8 rings, giant, (camouflage 1), (gelatinous body 1), (nimble
swimmer 1), (tentacles), (iridescent scales 1), clarity, high MP 1,
strong-willed 1, inability to drink while threatened 1, noise suppression
}: 3/15 runes: barnacled, slimy, gossamer
a: Breathe Fire, End Transformation, Renounce Religion, Evoke Blink, Bend Time,
Temporal Distortion, Slouch, Step From Time


You were on level 5 of the Realm of Zot.
You worshipped Cheibriados.
Cheibriados was exalted by your worship.
You were a fearsome dragon!
You visited 9 branches of the dungeon, and saw 46 of its levels.

You collected 4643 gold pieces.
You spent 1700 gold pieces at shops.

Inventory:

Missiles
 o - 4 throwing nets
Armour
 u - the +0 mask of the Dragon (melded) {Will+ Slay+3 SInv}
   (You found it on level 4 of the Shoals)

   Slay:      It affects your accuracy & damage with ranged weapons and melee
   (+3).
   SInv:      It lets you see invisible.
   Will:      It increases your willpower.
Magical Staves
 A - a staff of air
Jewellery
 e - a ring of wizardry (left foreclaw)
 g - the ring of Ateazigg (on tentacle) {Contam +Blink rElec rPois Str+6}
   (You found it on level 4 of the Dungeon)

   [ring of strength]

   Str:       It affects your strength (+6).
   rElec:     It insulates you from electricity.
   rPois:     It protects you from poison.
   +Blink:    It lets you blink.
   Contam:    It causes magical contamination when unequipped.
 l - a ring of magical power (on tentacle)
 n - a ring of magical power (right foreclaw)
 B - a ring of willpower
 C - an amulet of reflection (around neck)
 I - a ring of willpower
 J - a +4 ring of protection (on tentacle)
 K - an amulet of regeneration
 L - a ring of positive energy
 O - a ring of wizardry
 Q - a ring of flight
 S - a +4 ring of protection (on tentacle)
 U - a ring of see invisible (on tentacle)
 W - a ring of resist corrosion
 X - a +4 ring of protection (on tentacle)
Wands
 c - a wand of flame (29)
 i - a wand of light (1)
 t - a wand of roots (36)
 y - a wand of paralysis (9)
 Y - a wand of digging (6)
 Z - a wand of polymorph (6)
Scrolls
 a - a scroll of fear {!r}
 d - 3 scrolls of fog
 f - 5 scrolls of enchant armour
 j - 5 scrolls of immolation {!d}
 m - 8 scrolls of teleportation {!d}
 s - 3 scrolls of summoning
 v - 6 scrolls of poison
 z - a scroll of magic mapping {!r!d}
 D - 2 scrolls of amnesia
 H - 4 scrolls of blinking {!d}
Potions
 b - 8 potions of haste {!q!d}
 k - 8 potions of degeneration
 p - a potion of magic {!q!d}
 q - 2 potions of berserk rage {!q}
 r - 7 potions of brilliance {!q!d}
 w - 6 potions of resistance {!q!d}
 x - 8 potions of flight
 E - a potion of cancellation {!q!d}
 F - 2 potions of invisibility {!q!d}
 G - 18 potions of ambrosia {!q!d}
 M - 3 potions of attraction
 N - 7 potions of curing {!q!d}
 R - a potion of mutation {!d}
 T - 5 potions of heal wounds {!q!d}
Miscellaneous
 h - a condenser vane
 P - a phantom mirror
 V - a box of beasts


   Skills:
 * Level 12.0 Fighting
 * Level 12.1 Dodging
 - Level 2.0 Stealth
 * Level 12.1 Unarmed Combat
 - Level 15.1 Spellcasting
 - Level 10.0 Translocations
 - Level 16.3 Transmutations
 - Level 10.0 Ice Magic
 - Level 13.3 Earth Magic
 - Level 2.0 Poison Magic
 - Level 13.0 Invocations


You had 17 spell levels left.
You knew the following spells:

 Your Spells              Type           Power      Damage    Failure   Level
a - Beastly Appendage     Tmut           100%       N/A       0%          1
b - Wereblood             Tmut           100%       N/A       0%          2
c - Dragon Form           Tmut           51%        N/A       1%          7
d - Manifold Assault      Tloc           82%        N/A       1%          5
e - Frozen Ramparts       Ice            100%       1d12      1%          3
f - Ozocubu's Armour      Ice            82%        N/A       1%          3
g - Irradiate             Conj/Tmut      37%        3d25      1%          5
h - Statue Form           Tmut/Erth      65%        N/A       1%          6

Your spell library contained the following spells:

 Spells                   Type           Power      Damage    Failure   Level
 Apportation              Tloc           100%       N/A       0%          1
 Magic Dart               Conj           100%       1d8       1%          1
 Necrotise                Necr           100%       1d9       1%          1
 Slow                     Hex            100%       N/A       1%          1
 Sting                    Tmut/Pois      100%       1d8       1%          1
 Summon Small Mammal      Summ           100%       N/A       1%          1
 Blink                    Tloc           100%       N/A       1%          2
 Ensorcelled Hibernation  Hex/Ice        100%       N/A       1%          2
 Scorch                   Fire           58%        2d7       1%          2
 Searing Ray              Conj           58%        2d6       1%          2
 Static Discharge         Conj/Air       29%        3-7/arc   1%          2
 Call Canine Familiar     Summ           29%        N/A       1%          3
 Confusing Touch          Hex            29%        N/A       1%          3
 Dazzling Flash           Conj/Hex       58%        N/A       1%          3
 Gell's Gravitas          Tloc           82%        N/A       1%          3
 Inner Flame              Hex/Fire       29%        N/A       1%          3
 Lesser Beckoning         Tloc           82%        N/A       1%          3
 Spider Form              Tmut/Pois      79%        N/A       1%          3
 Stone Arrow              Conj/Erth      100%       3d13      1%          3
 Summon Guardian Golem    Hex/Summ       29%        N/A       1%          3
 Teleport Other           Tloc           82%        N/A       1%          3
 Vampiric Draining        Necr           29%        2d8       1%          3
 Ice Form                 Ice/Tmut       93%        N/A       1%          4
 Iskenderun's Mystic Bla  Conj/Tloc      62%        2d13      1%          4
 Passage of Golubria      Tloc           82%        N/A       1%          4
 Petrify                  Tmut/Erth      98%        N/A       1%          4
 Summon Ice Beast         Ice/Summ       62%        N/A       1%          4
 Alistair's Intoxication  Tmut/Pois      52%        N/A       1%          5
 Borgnjor's Vile Clutch   Necr/Erth      34%        N/A       1%          5
 Lee's Rapid Deconstruct  Erth           46%        3d23*     1%          5
 Metabolic Englaciation   Hex/Ice        31%        N/A       1%          5
 Eringya's Noxious Bog    Tmut/Pois      39%        N/A       1%          6
 Corpse Rot               Necr/Pois/Air  34%        N/A       3%          4
 Anguish                  Hex/Necr       14%        N/A       4%          4
 Animate Dead             Necr           29%        N/A       4%          4
 Cause Fear               Hex            14%        N/A       4%          4
 Dispel Undead            Necr           29%        3d13      4%          4
 Flame Wave               Conj/Fire      29%        2d8       4%          4
 Fulminant Prism          Conj/Hex       14%        3d9       4%          4
 Sticky Flame             Conj/Fire      29%        2d5       4%          4
 Summon Lightning Spire   Summ/Air       29%        N/A       4%          4
 Ozocubu's Refrigeration  Ice            41%        4d13      6%          7
 Simulacrum               Ice/Necr       31%        N/A       9%          6
 Agony                    Necr           29%        N/A       12%         5
 Silence                  Hex/Air        14%        N/A       12%         5
 Summon Mana Viper        Hex/Summ       29%        N/A       12%         5
 Malign Gateway           Summ/Tloc      31%        N/A       43%         7
 Disjunction              Tloc           41%        N/A       43%         8
 Conjure Ball Lightning   Conj/Air       14%        3x3d6     52%         6
 Death Channel            Necr           14%        N/A       52%         6
 Summon Cactus Giant      Summ           14%        N/A       52%         6
 Lehudib's Crystal Spear  Conj/Erth      34%        10d9      86%         8
 Discord                  Hex            14%        N/A       100%        8
 Dragon's Call            Summ           14%        N/A       100%        9


Dungeon Overview and Level Annotations

Branches:
Dungeon (15/15) Zot: 37880  Temple (1/1) D:5 Zot: 8647    Lair (6/6) D:9 Zot: 36140
 Shoals (4/4) Lair:2 Zot: 31836  Spider (4/4) Lair:4 Zot: 27502   Slime (5/5) Lair:6 Zot: 37210
    Orc (2/2) D:9 Zot: 15508     Elf (0/3) Orc:2        Vaults (0/5) D:14
 Depths (4/4) D:15 Zot: 33793     Zot (5/5) Depths:4 Zot: 40385

Altars:
Ashenzari
Cheibriados
Dithmenos
Elyvilon
Fedhas
Gozag
Hepliaklqana
Kikubaaqudgha
Makhleb
Nemelex Xobeh
Okawaru
Qazlal
Ru
Sif Muna
Trog
Uskayaw
Vehumet
Wu Jian
Xom
Yredelemnul
Zin
The Shining One
Jiyva
Lugonu

Shops:
D:4 *   D:15 [::=[   Orc:1 ==*   Orc:2 (*[=

Portals:
Hell: Depths:1
Abyss: Shoals:4
Ziggurat: Depths:2

Annotations:
D:7 3 runed translucent doors, indigestion's ghost, novice OpFE
D:11 2 transporters, zhov's ghost, journeyman DsHu
D:13 3 runed translucent doors, Buphadet's ghost, journeyman PaBe; Wekar's ghost, journeyman MiFi
Lair:3 exclusion: 2 oklob plants
Lair:5 2 transporters, exclusion: ice statue, Devyomi's ghost, journeyman GrBe
Shoals:2 1 transporter, Fyciomp's ghost, adept MiWn


Innate Abilities, Weirdness & Mutations

You are a fearsome dragon!
You have a powerful clawing attack.
Your giant scaled body is strong and resiliant, but less evasive.
You can breathe fire.
You are flying.
Your maximum health is greatly increased.
Your armour is entirely melded.
You are incapable of wielding weapons or throwing items.
You cannot wear most types of armour.
You are amphibious.
You can wear up to eight rings at the same time.
((Your skin changes colour to match your surroundings (Stealth+).))
((Your rubbery body absorbs attacks. (AC +1, EV +1)))
((You are camouflaged when in or above water. (Stealth+)))
((You have tentacles for arms and can constrict up to eight enemies at once.))
((You are partially covered in iridescent scales. (AC +2)))
You possess an exceptional clarity of mind.
You have an increased reservoir of magic. (+10% MP)
You are strong-willed. (Will+)
You occasionally lose the ability to drink potions when taking damage.
You passively dampen the noise of your surroundings.


Message History

The purple draconian completely misses you.
The Orb Guardian hits you! The Orb Guardian hits you!!
Space momentarily warps into an impossible shape!
You maul the Orb Guardian!!!
You barely miss the Orb Guardian. You claw the purple draconian!
You maul the Orb Guardian!!!
The white draconian closely misses you.
The purple draconian hits you but does no damage.
The Orb Guardian hits you! The Orb Guardian hits you.
Space momentarily warps into an impossible shape!
You hit the Orb Guardian but do no damage.
You maul the white draconian!!!!
You kill the white draconian!
Cheibriados thoroughly appreciates the change of pace.
You maul the purple draconian!!!!
You kill the purple draconian!
Cheibriados appreciates the change of pace.
You claw the Orb Guardian! The Orb Guardian hits you!!
* * * LOW HITPOINT WARNING * * *
The Orb Guardian closely misses you.
Space momentarily warps into an impossible shape!
You maul the Orb Guardian!!!
You kill the Orb Guardian!
Cheibriados appreciates the change of pace.
You hit the Orb Guardian. You barely miss the Orb Guardian.
The Orb Guardian hits you!
* * * LOW HITPOINT WARNING * * *
The Orb Guardian hits you!!
* * * LOW HITPOINT WARNING * * *
Space momentarily warps into an impossible shape!
You bite the Orb Guardian!! You closely miss the Orb Guardian.
The Orb Guardian barely misses you. The Orb Guardian hits you.
* * * LOW HITPOINT WARNING * * *
You step out of the flow of time.
You return to the normal time flow.
You block the Orb Guardian's attack.
Really quaff
T - 6 potions of heal wounds {!q!d}?
You feel much better. The Orb Guardian hits you!!
You feel threatened and lose the ability to drink potions!
* * * LOW HITPOINT WARNING * * *
The Orb Guardian hits you!!
You die...

,,,,,,* **,,,,,,,,,,,,,** *,,,,,,
,,,,,,* *.........^...* *,,,,,^
,,,,,,* *#...........#* *,,,,,,
^,,,,,* #...........# *,,,,,,
,,,,,,* ##...........## *,,,,,,
,,,,,** #...X)........# **,,,,,
,,,,** *#....).)......#* **^,,,
,^,** *.......)X......* **,,,
***********#####D#####***********
*,,,,,* #...#.....# *,,,,,,*
*,,,,** #...#.#...# **,,,,,*
**,,,,,* *#...#...## **,,,,**
**,,,,,** ##.###.## **,,,,,**
**,,,,,,* #.#.#.#.# *,,,,,,**
,*,,,,,,** ##.#...#.###*#..,,,⌠*,
,**,,,,,,**#....#.†...##...,,,,,,
,,*,,.........#.#.#.........,,*,,


You could see 2 Orb Guardians.

Vanquished Creatures
  the Royal Jelly (Slime:5)
  2 Killer Klowns
  A golden dragon (Zot:1)
  Arachne (Spider:4)
  2 bone dragons (Depths:4)
  Rupert (Orc:2)
  An Orb Guardian (Zot:5)
  2 quicksilver dragons
  A walking frostbound tome (Depths:3)
  Gastronok (Lair:3)
  15 acid blobs
  3 death cobs
  Kirke (D:14)
  2 shadow dragons
  16 azure jellies
  9 rockslimes
  Roxanne (Spider:4)
  A draconian monk (Zot:3)
  A fire giant (Depths:3)
  An orc warlord (Orc:2)
  3 emperor scorpions
  3 frost giants
  A draconian shifter (Zot:3)
  3 ghost moths
  A draconian stormcaller (Depths:4)
  3 stone giants
  2 draconian annihilators (Zot:3)
  10 quicksilver oozes
  2 broodmothers
  A vampire knight (Depths:1)
  A green draconian (Zot:3)
  13 very ugly things
  Azrael (Orc:2)
  A black draconian (Zot:3)
  7 purple draconians
  A red draconian (Depths:4)
  7 entropy weavers
  A dire elephant (D:15)
  3 white draconians
  2 ettins
  7 spark wasps
  Josephine (D:15)
  5 merfolk javelineers
  3 great orbs of eyes
  12 merfolk impalers
  3 vault guards (D:14)
  4 boulder beetles
  3 ice dragons
  A rakshasa (Depths:1)
  2 jorogumos (Spider:4)
  A radroach (Spider:2)
  3 centaur warriors
  5 hydras
  An alligator snapping turtle (Shoals:3)
  2 merfolk avatars
  6 merfolk aquamancers
  2 deep troll shamans
  5 death yaks
  4 orc high priests
  5 tengu warriors
  4 soul eaters (Depths:1)
  Urug (D:10)
  A hell hog (Depths:1)
  6 hell knights
  An iron troll (Depths:2)
  3 sun demons (Depths:1)
  Nergalle (D:12)
  7 pharaoh ants
  Lodul (D:13)
  4 sun moths
  A salamander mystic (Depths:1)
  10 steelbarb worms
  5 deep trolls
  A deep troll (shapeshifter) (Depths:4)
  A glowing orange brain (Depths:3)
  12 orb spiders
  6 sea snakes
  2 wizards
  4 deep elf pyromancers
  4 necromancers
  7 orc knights
  Pikel (D:9)
  14 harpies
  5 deep elf zephyrmancers (D:11)
  8 wolf spider zombies (Spider:1)
  3 orc sorcerers
  13 wolf spiders
  3 salamanders
  17 manticores
  6 fauns
  2 shining eyes (Slime:5)
  26 ugly things
  6 cyclopes
  A mana viper (shapeshifter) (D:13)
  8 merfolk sirens
  26 elephants
  8 moths of wrath
  2 black mambas
  A guardian serpent (shapeshifter) (D:14)
  2 water nymphs
  A guardian serpent (Lair:5)
  Joseph (D:7)
  2 gargoyles
  12 cane toads
  2 smoke demons (Depths:1)
  2 eyes of devastation
  5 demonic crawlers
  3 torpor snails
  An unseen horror (D:11)
  8 komodo dragons
  5 rime drakes
  3 kobold demonologists
  A yaktaur (D:14)
  A tengu conjurer (Depths:1)
  6 redback zombies (Spider:1)
  28 merfolk
  2 queen bees
  11 trolls
  A troll (shapeshifter) (D:13)
  4 polar bears
  Prince Ribbit (D:7)
  26 tarantellas
  6 wind drakes
  10 tarantella zombies (Spider:1)
  10 dream sheep
  4 culicivora zombies (Spider:1)
  A blink frog (Lair:3)
  41 slime creatures
  6 snapping turtles
  19 culicivoras
  3 centaur simulacra (D:13)
  15 jumping spiders
  8 wraiths
  3 water elementals
  3 vampires
  2 shadows
  3 hogs (D:14)
  8 wyverns
  Grum (D:9)
  9 golden eyes
  16 humans (D:14)
  3 fire elementals (Orc:2)
  40 yaks
  5 basilisks
  41 redbacks
  A steam dragon (D:8)
  8 vampire mosquitoes
  3 wargs (Orc:2)
  A two-headed ogre zombie (D:9)
  Duvessa (D:7)
  A floating eye (Slime:5)
  27 water moccasins
  4 acid dragons
  2 hell hounds (Orc:2)
  33 orc warriors
  3 ice beasts
  A black bear (D:4)
  16 ogres
  8 centaurs
  29 wolves
  4 lemures (D:9)
  2 phantoms
  3 kobold brigands
  2 necrophages
  A gnoll sergeant (D:6)
  6 bullfrogs
  A scorpion (D:5)
  17 wights
  Dowan (D:7)
  52 killer bees
  3 electric eels
  4 howler monkeys
  3 hounds
  12 orc priests
  2 gnoll boudas
  2 iguanas
  17 orc wizards
  A hell rat (Lair:2)
  7 ogre zombies (D:9)
  A mummy (D:10)
  19 gnolls
  7 adders
  15 white imps
  2 ufetubi
  A worm (D:5)
  2 dart slugs
  72 orcs
  7 endoplasms
  5 hobgoblins
  8 jackals
  4 quokkas
  8 ball pythons
  8 bats
  6 frilled lizards
  8 goblins
  A goblin skeleton (D:9)
  2 goblin zombies (D:9)
  2 hobgoblin skeletons (D:9)
  22 kobolds
  2 orc skeletons (D:9)
  14 orc zombies (D:9)
  5 rats
  2 lurking horrors (Shoals:4)
1322 creatures vanquished.

Vanquished Creatures (collateral kills)
  A shadow (D:9)
  A yak (D:9)
  A wyvern (D:9)
  A water moccasin (D:9)
  An orc warrior (Orc:2)
  An iguana (D:9)
  A goblin skeleton (D:9)
  An orc skeleton (D:9)
  2 orc zombies (D:9)
10 creatures vanquished.

Vanquished Creatures (others)
  A howler monkey (D:11)
  An orc priest (D:11)
  An orc wizard (D:5)
  A bush (Lair:2)
  43 fungi
  52 plants
  5 withered plants (D:13)
104 creatures vanquished.

Grand Total: 1436 creatures vanquished

Notes
Turn   | Place    | Note
-------+----------+-------------------------------------------
     0 | D:1      | buhh the Octopode Transmuter began the quest for the Orb.
     0 | D:1      | Reached XP level 1. HP: 13/13 MP: 3/3
   265 | D:1      | Reached XP level 2. HP: 18/18 MP: 3/5
   715 | D:1      | Reached XP level 3. HP: 20/23 MP: 6/6
  1344 | D:2      | Reached XP level 4. HP: 22/29 MP: 5/7
  2682 | D:3      | Found a sparkling altar of Nemelex Xobeh.
  2847 | D:3      | Learned a level 2 spell: Wereblood
  2851 | D:3      | Learned a level 3 spell: Spider Form
  3250 | D:3      | Found a faded altar of an unknown god.
  3366 | D:3      | Reached XP level 5. HP: 15/35 MP: 8/8
  3593 | D:4      | Found Ywongic's Assorted Antiques.
  3612 | D:4      | Bought a scroll labelled IGIDURI YGEOPN for 29 gold pieces
  3612 | D:4      | Bought a scroll labelled FYFU GAIMUCSOI for 29 gold pieces
  3612 | D:4      | Bought a green potion for 26 gold pieces
  3612 | D:4      | Bought a lumpy golden potion for 26 gold pieces
  3612 | D:4      | Bought a purple potion for 26 gold pieces
  3937 | D:4      | HP: 1/54 [frozen (4)]
  3942 | D:4      | Reached XP level 6. HP: 1/41 MP: 2/9
  3945 | D:4      | Gained mutation: You occasionally shout uncontrollably at
                  | your foes. [potion of mutation]
  3945 | D:4      | Gained mutation: Your muscles are strong. (Str +4, Int/Dex
                  | -1) [potion of mutation]
  3945 | D:4      | Gained mutation: You are clumsy. (Dex -2) [potion of
                  | mutation]
  3946 | D:4      | Lost mutation: You are clumsy. (Dex -2) [potion of
                  | mutation]
  3946 | D:4      | Lost mutation: Your muscles are strong. (Str +4, Int/Dex
                  | -1) [potion of mutation]
  3946 | D:4      | Gained mutation: You are frail. (-10% HP) [potion of
                  | mutation]
  3946 | D:4      | Gained mutation: You occasionally lose the ability to read
                  | scrolls when taking damage. [potion of mutation]
  3946 | D:4      | Gained mutation: You have hidden genetic potential. [potion
                  | of mutation]
  4212 | D:4      | Identified the ring of Ateazigg {Contam +Blink rElec rPois
                  | Str+6}
  4223 | D:4      | Noticed a black bear
  4226 | D:4      | Found a basalt altar of Yredelemnul.
  4232 | D:4      | Killed a black bear
  4408 | D:5      | Entered Level 5 of the Dungeon
  4451 | D:5      | Reached XP level 7. HP: 19/42 MP: 1/10
  4464 | D:5      | Gained mutation: Your natural rate of healing is unusually
                  | fast. [hidden potential]
  4533 | D:5      | Found a staircase to the Ecumenical Temple.
  4541 | Temple   | Entered the Ecumenical Temple
  4842 | D:5      | Reached skill level 5 in Unarmed Combat
  4878 | D:5      | Got Sif Muna's Meditations on the Jaunt and Poison
  5101 | D:5      | Reached skill level 5 in Dodging
  5237 | D:5      | Reached XP level 8. HP: 48/48 MP: 11/11
  5238 | D:5      | Identified the +1 war axe "Pupaaxoy" {vorpal, rF+}
  5476 | D:5      | Gained mutation: Your flesh is heat resistant. (rF+)
                  | [hidden potential]
  5476 | D:5      | Lost mutation: You have hidden genetic potential. [hidden
                  | potential expressed]
  5628 | D:6      | Reached skill level 5 in Fighting
  6685 | D:7      | Noticed Prince Ribbit
  6696 | D:7      | Killed Prince Ribbit
  6697 | D:7      | Reached XP level 9. HP: 56/56 MP: 9/12
  6757 | D:7      | Reached skill level 3 in Transmutations
  6900 | D:7      | Noticed indigestion's ghost (novice OpFE)
  6910 | D:7      | Found a runed translucent gate.
  6910 | D:7      | Found a runed translucent gate.
  6910 | D:7      | Found a runed translucent gate.
  6978 | D:7      | Noticed Joseph
  7024 | D:7      | Killed Joseph
  7088 | D:7      | Noticed Duvessa
  7090 | D:7      | Noticed Dowan
  7099 | D:7      | Killed Duvessa
  7100 | D:7      | Reached skill level 4 in Transmutations
  7107 | D:7      | Killed Dowan
  7993 | D:8      | Reached XP level 10. HP: 52/63 MP: 8/13
  8044 | D:7      | Learned a level 4 spell: Ice Form
  8211 | D:8      | Identified the +0 ring mail of the Garden {Contam rN+ rCorr
                  | SInv}
  8768 | D:9      | Reached skill level 5 in Transmutations
  8778 | D:9      | Reached skill level 8 in Fighting
  8778 | D:9      | Reached skill level 8 in Dodging
  8778 | D:9      | Reached skill level 8 in Unarmed Combat
  8778 | D:9      | Reached skill level 5 in Ice Magic
  8866 | D:9      | Found the +8 trident of the Octopus King {venom, rElec
                  | rPois}
  8867 | D:9      | Found a staircase to the Lair.
  9031 | D:9      | Found a staircase to the Orcish Mines.
  9079 | D:9      | Noticed a kobold demonologist
  9095 | D:9      | Killed a kobold demonologist
  9096 | D:9      | Reached XP level 11. HP: 70/70 MP: 9/14
  9117 | D:9      | Noticed Grum
  9136 | D:9      | Killed Grum
  9639 | D:9      | Noticed Pikel
  9660 | D:9      | Killed Pikel
  9917 | D:10     | Entered Level 10 of the Dungeon
 10093 | D:10     | Noticed Urug
 10102 | D:10     | Killed Urug
 10107 | D:10     | HP: 3/86 [troll (10)]
 10370 | Lair:1   | Entered Level 1 of the Lair of Beasts
 10573 | D:10     | Identified the +10 short sword "Dousuch" {vorpal, Dex+7}
 10653 | D:10     | Found a snail-covered altar of Cheibriados.
 10665 | D:10     | Became a worshipper of Cheibriados the Contemplative
 10953 | Lair:1   | Reached skill level 10 in Unarmed Combat
 11159 | Lair:1   | Reached skill level 10 in Fighting
 11159 | Lair:1   | Reached skill level 10 in Dodging
 11169 | Lair:1   | Reached * piety under Cheibriados
 11955 | Lair:2   | Reached XP level 12. HP: 78/78 MP: 11/15
 12048 | Lair:2   | Reached skill level 6 in Transmutations
 12162 | Lair:2   | Found a staircase to the Shoals.
 12485 | Lair:2   | Identified the +0 robe of Ipton {Fly rN+++ Str+2 Dex-5}
 12777 | Lair:2   | Reached ** piety under Cheibriados
 12866 | Lair:2   | Reached skill level 5 in Invocations
 12875 | Lair:2   | Reached skill level 7 in Transmutations
 13247 | Lair:3   | Noticed Gastronok
 13414 | Lair:3   | Learned a level 3 spell: Frozen Ramparts
 13590 | Lair:4   | Reached *** piety under Cheibriados
 13882 | Lair:4   | Reached skill level 8 in Ice Magic
 13884 | Lair:4   | Reached skill level 8 in Transmutations
 14136 | Lair:4   | Found a hole to the Spider Nest.
 14643 | Lair:5   | Reached XP level 13. HP: 82/82 MP: 10/18
 14646 | Lair:5   | Reached **** piety under Cheibriados
 14810 | Lair:5   | Found the +3 pair of seven-league boots {Rampage+∞}
 14994 | Lair:5   | Found a transporter.
 15006 | Lair:5   | Found a transporter.
 15128 | Lair:5   | Reached skill level 9 in Transmutations
 15140 | Lair:5   | Reached skill level 8 in Invocations
 15586 | Lair:5   | Noticed Devyomi's ghost (journeyman GrBe)
 15799 | Lair:6   | Entered Level 6 of the Lair of Beasts
 15903 | Lair:5   | Identified a scroll of acquirement
 15904 | Lair:5   | Acquired 1012 gold pieces
 16047 | Lair:6   | Reached skill level 10 in Ice Magic
 16050 | Lair:6   | Reached ***** piety under Cheibriados
 16059 | Lair:6   | Reached skill level 10 in Transmutations
 16063 | Lair:6   | Learned a level 3 spell: Ozocubu's Armour
 16452 | Lair:6   | Found a staircase to the Slime Pits.
 16579 | Lair:6   | Reached skill level 10 in Invocations
 16685 | Lair:6   | Reached XP level 14. HP: 82/89 MP: 13/21
 16973 | Lair:3   | Reached skill level 11 in Transmutations
 17125 | Lair:3   | Reached ****** piety under Cheibriados
 17664 | Lair:3   | Killed Gastronok
 18010 | Orc:1    | Entered Level 1 of the Orcish Mines
 18037 | Orc:1    | Found Usiq's Mass Market.
 18213 | Orc:2    | Entered Level 2 of the Orcish Mines
 18213 | Orc:2    | Found a staircase to the Elven Halls.
 18223 | Orc:2    | Noticed an orc warlord
 18415 | Orc:2    | Reached skill level 12 in Transmutations
 18415 | Orc:2    | Killed an orc warlord
 18520 | Orc:2    | Found Pyrph's General Store.
 18627 | Orc:2    | Bought a +4 ring of protection for 504 gold pieces
 18678 | Orc:2    | Found Rode's Jewellery Boutique.
 18685 | Orc:2    | Noticed Azrael
 18697 | Orc:2    | Killed Azrael
 18978 | Orc:2    | Bought a +4 ring of protection for 540 gold pieces
 19005 | Orc:2    | Found Ownios's Antique Armour Shop.
 19138 | Orc:2    | Noticed Rupert
 19160 | Orc:2    | Killed Rupert
 19397 | Orc:2    | Found Oneutrut's Antique Weapon Emporium.
 19530 | Orc:1    | Reached skill level 13 in Transmutations
 19544 | Orc:1    | Reached XP level 15. HP: 68/92 MP: 14/24
 19586 | Orc:1    | Found Athrodumm's Jewellery Emporium.
 19597 | Orc:1    | Found Soirch's Jewellery Boutique.
 19924 | D:11     | Found a transporter.
 19924 | D:11     | Noticed zhov's ghost (journeyman DsHu)
 20017 | D:11     | Found a transporter.
 20252 | D:11     | Acquired 509 gold pieces
 20266 | D:11     | Lost mutation: You occasionally lose the ability to read
                  | scrolls when taking damage. [potion of mutation]
 20266 | D:11     | Lost mutation: You are frail. (-10% HP) [potion of
                  | mutation]
 20266 | D:11     | Gained mutation: You have an increased reservoir of magic.
                  | (+10% MP) [potion of mutation]
 20266 | D:11     | Gained mutation: You occasionally lose the ability to drink
                  | potions when taking damage. [potion of mutation]
 20266 | D:11     | Gained mutation: You passively dampen the noise of your
                  | surroundings. [potion of mutation]
 20371 | D:11     | Reached skill level 14 in Transmutations
 21114 | D:12     | Reached skill level 15 in Transmutations
 21126 | D:12     | Found a sacrificial altar of Ru.
 21402 | D:12     | Noticed Nergalle
 21412 | D:12     | Killed Nergalle
 21657 | D:13     | Found a runed translucent gate.
 21658 | D:13     | Found a runed translucent gate.
 21659 | D:13     | Found a runed translucent gate.
 22063 | D:13     | Noticed Lodul
 22083 | D:13     | Reached skill level 16 in Transmutations
 22086 | D:13     | Killed Lodul
 22289 | D:13     | Noticed Wekar's ghost (journeyman MiFi)
 22289 | D:13     | Noticed Buphadet's ghost (journeyman PaBe)
 22659 | D:14     | Learned a level 7 spell: Dragon Form
 22670 | D:14     | Noticed Kirke
 22679 | D:14     | Killed Kirke
 22817 | D:14     | Found a sparkling altar of Nemelex Xobeh.
 23085 | D:14     | Reached XP level 16. HP: 109/109 MP: 28/28
 23253 | D:14     | Found a gate to the Vaults.
 23377 | D:14     | Found a broken altar of Ashenzari.
 23520 | D:15     | Entered Level 15 of the Dungeon
 23635 | D:15     | Found Ucvoeh's Antique Armour Boutique.
 23708 | D:15     | Found a staircase to the Depths.
 23711 | D:15     | Reached skill level 5 in Spellcasting
 23711 | D:15     | Reached skill level 5 in Translocations
 23800 | D:15     | Found Opuocvad's Book Shoppe.
 23894 | D:15     | Noticed Josephine
 23900 | D:15     | Killed Josephine
 23995 | D:15     | Found Futigor's Armour Shop.
 24161 | D:15     | Found Winihim's Book Shop.
 24276 | D:15     | Found Zaghoni's Jewellery Shop.
 24284 | D:15     | Bought a ring of magical power for 260 gold pieces
 24284 | D:15     | Bought a ring of magical power for 260 gold pieces
 24367 | D:15     | Reached skill level 8 in Translocations
 24597 | D:14     | Learned a level 5 spell: Manifold Assault
 24804 | Shoals:1 | Entered Level 1 of the Shoals
 25717 | Shoals:2 | Reached skill level 10 in Translocations
 26378 | Shoals:2 | Found a transporter.
 26415 | Shoals:2 | Noticed Fyciomp's ghost (adept MiWn)
 26561 | Shoals:3 | Reached XP level 17. HP: 48/115 MP: 2/31
 26804 | Shoals:4 | Entered Level 4 of the Shoals
 26847 | Shoals:4 | Reached skill level 8 in Spellcasting
 27395 | Shoals:4 | Found the +0 mask of the Dragon {Will+ Slay+3 SInv}
 27606 | Shoals:4 | Reached skill level 10 in Spellcasting
 27767 | Shoals:4 | Got a barnacled rune of Zot
 28154 | Shoals:4 | Found a one-way gate to the infinite horrors of the Abyss.
 28232 | Shoals:4 | Found a corrupted altar of Lugonu.
 28784 | Spider:1 | Entered Level 1 of the Spider Nest
 28822 | Spider:1 | Lost mutation: You occasionally shout uncontrollably at
                  | your foes. [potion of mutation]
 28822 | Spider:1 | Lost mutation: Your natural rate of healing is unusually
                  | fast. [potion of mutation]
 28822 | Spider:1 | Lost mutation: Your flesh is heat resistant. (rF+) [potion
                  | of mutation]
 28822 | Spider:1 | Gained mutation: You are partially covered in iridescent
                  | scales. (AC +2) [potion of mutation]
 28822 | Spider:1 | Gained mutation: You are strong-willed. (Will+) [potion of
                  | mutation]
 28822 | Spider:1 | Gained mutation: You possess an exceptional clarity of
                  | mind. [potion of mutation]
 30258 | Spider:2 | Reached XP level 18. HP: 120/120 MP: 35/38
 31857 | Spider:4 | Entered Level 4 of the Spider Nest
 32777 | Spider:4 | Identified Roxanne's Tractate on Metamorphosis
 32777 | Spider:4 | Noticed Roxanne
 32786 | Spider:4 | Killed Roxanne
 32787 | Spider:4 | Reached skill level 15 in Spellcasting
 33871 | Spider:4 | Reached skill level 5 in Earth Magic
 34207 | Spider:4 | Got a gossamer rune of Zot
 34406 | Spider:4 | Noticed Arachne
 34411 | Spider:4 | Killed Arachne
 35730 | Slime:1  | Entered Level 1 of the Pits of Slime
 35743 | Slime:1  | Reached skill level 8 in Earth Magic
 35743 | Slime:1  | Reached XP level 19. HP: 126/126 MP: 32/41
 37008 | Slime:4  | Reached skill level 10 in Earth Magic
 37181 | Slime:5  | Entered Level 5 of the Pits of Slime
 38075 | Slime:4  | Learned a level 5 spell: Irradiate
 38082 | Slime:4  | Learned a level 6 spell: Statue Form
 38357 | Slime:5  | Found a viscous altar of Jiyva.
 38358 | Slime:5  | Noticed the Royal Jelly
 39071 | Slime:5  | Killed the Royal Jelly
 39706 | Slime:5  | Identified the +3 leather armour of Hedging {rPois Will+
                  | Int-3}
 39727 | Slime:5  | Identified the +3 robe of Repulsion {Dex+2}
 39740 | Slime:5  | Got a slimy rune of Zot
 39747 | Slime:5  | Got the Dissertation on Bedrock and the Entourage
 39824 | Slime:5  | Identified the +4 scale mail "Fex Syatz" {-Cast rC+ Str+5}
 40192 | Depths:1 | Entered Level 1 of the Depths
 40580 | Depths:1 | Found a gateway to Hell.
 41005 | Depths:2 | Found a one-way gateway to a ziggurat.
 41259 | Depths:3 | Reached XP level 20. HP: 133/133 MP: 43/43
 41647 | Depths:3 | Found a stormy altar of Qazlal.
 41894 | Depths:4 | Entered Level 4 of the Depths
 42158 | Depths:4 | Found a gate to the Realm of Zot.
 42158 | Depths:4 | Noticed a bone dragon
 42158 | Depths:4 | Noticed a bone dragon
 42169 | Depths:4 | Killed a bone dragon
 42170 | Depths:4 | Killed a bone dragon
 42179 | Zot:1    | Entered Level 1 of the Realm of Zot
 42390 | Zot:1    | Noticed a golden dragon
 42395 | Zot:1    | Killed a golden dragon
 42445 | Zot:3    | Noticed a Killer Klown
 42449 | Zot:3    | Killed a Killer Klown
 43104 | Zot:4    | Noticed a Killer Klown
 43114 | Zot:4    | Killed a Killer Klown
 43411 | Zot:5    | Entered Level 5 of the Realm of Zot
 43478 | Zot:5    | Slain by an Orb Guardian

Illustrated notes

Levels and vault maps discovered:
D:1:      scummos_arrival_simple_fountains, layout_rooms,
          kennysheep_pointless_box
D:2:      layout_basic
D:3:      layout_rooms, mainiacjoe_overflow_cross_hatched,
          shapermc_ecumenical_altar_pompeii
D:4:      layout_basic, lemuel_crystal_altar, ebering_dispersal_statue_hall,
          nicolae_stop_n_shop_2
D:5:      layout_basic, minmay_temple_entry_offerings
D:6:      layout_basic
D:7:      layout_loops_cross, gammafunk_ghost_split, uniq_prince_ribbit1,
          uniq_duvessa, uniq_joseph
D:8:      layout_gridville
D:9:      layout_rooms, minmay_lair_entry_grove, zombieorc2_lemuel, special_room
          [special_room_bee], solitary_fountain, uniq_pikel, uniq_grum
D:10:     layout_rooms, slow_altar_1, uniq_urug
D:11:     layout_irregular_city, gammafunk_ghost_arena, elves_outpost_lemuel
D:12:     layout_roguey, nicolae_ru_sacrificial_ziggurat, uniq_nergalle
D:13:     layout_roguey, gammafunk_ghost_cemetery, serial_ice, serial_ice_g,
          serial_ice_n, serial_ice_i, serial_ice_h, uniq_lodul
D:14:     layout_rooms, grunt_vaults_entry_tiered, nicolae_ashenzari_skybound,
          nemelex_altar_shiori, uniq_kirke
D:15:     hangedman_depths_entry_try_elsewhere_first, layout_cave_pods,
          serial_glass, glass_columns_a, glass_columns_a, glass_columns_a,
          glass_columns_c, glass_columns_b, glass_columns_c, glass_columns_a,
          glass_columns_a, serial_shops, shop, nicolae_shop_window_shopping,
          shop, shop, shop, minmay_misc_feat_four_crosses, uniq_josephine
Temple:   compressed_dpeg_triangle_lava_temple
Lair:1:   layout_roguey, portal_ice_cave_entry_imps
Lair:2:   layout_regular_city, shoals_dummy_entry, wad_woods_06
Lair:3:   regret_index_harrowing_hell_hive, layout_chaotic_city,
          grunt_megastairs_3, serial_bayou_shore_b, infiniplex_staircase_pool,
          uniq_gastronok
Lair:4:   layout_small_grid, spider_nest_entry_rubble
Lair:5:   layout_misc_corridors, nzn_ghost_randoct,
          hellmonk_guarded_unrand_seven_league_boots
Lair:6:   evilmike_catoblepas_cave, layout_regular_city, slime_entry_1,
          gammafunk_lair_bear_cave, lemuel_fruit_tree
Shoals:1: layout_shoals, nicolae_shoals_water_booths
Shoals:2: layout_shoals, gammafunk_ghost_berserking_beasts
Shoals:3: layout_shoals
Shoals:4: shoals_end_grunt_ice, layout_shoals, amcnicky_altar_lugonu_corruption
Spider:1: lemuel_spider_zombies, nicolae_spider_nooks_and_crannies, uniq_donald,
          uniq_mlioglotl
Spider:2: layout_cave_pods, hangedman_spider_tarantella_strand
Spider:3: layout_spider_delve
Spider:4: johnstein_spider_rune_arachne_lair, uniq_roxanne
Slime:1:  layout_caves
Slime:2:  layout_caves
Slime:3:  layout_caves, cheibrodos_slime_lost_civilization_6
Slime:4:  layout_caves
Slime:5
Orc:1:    layout_diamond_mine, ebering_ghost_disaster_area, minmay_shop_mass,
          guppyfry_orc_lava_fort
Orc:2:    grunt_orc_gardens, layout_diamond_mine, grunt_orc_garden,
          grunt_orc_garden, grunt_orc_garden, grunt_orc_garden, uniq_azrael,
          uniq_rupert
Depths:1: layout_gridlike, hellmouth_3, rand_demon_pan_entry_9,
          hellmonk_ghost_happy_afterlife, abandoned_shop, serial_rivers,
          chequers_serial_rivers_large_b, chequers_serial_rivers_micro_c,
          chequers_serial_rivers_room_a, chequers_serial_rivers_small_b,
          chequers_serial_rivers_large_a, chequers_serial_rivers_small_3,
          abyss_entry, minmay_misc_feat_cross, okawaru_ov_weapons_minmay,
          uniq_asterion
Depths:2: thingy_vault_2, layout_basic, enter_ziggurat_b,
          grunt_hell_entry_dis_old, serial_rivers,
          chequers_serial_rivers_room_b, chequers_serial_rivers_small_a,
          chequers_serial_rivers_small_3, chequers_serial_rivers_small_b,
          chequers_serial_rivers_marsh, chequers_serial_rivers_small_b,
          grunt_pan_entry_in_and_out
Depths:3: minmay_concentric_multi, layout_small_grid, pan_entry, hell_entry,
          grunt_qazlal_clouds, abyss_entry_flame_altar
Depths:4: grunt_zot_entry_tricorne, layout_gridlike, vehumet_crystals,
          hell_entry
Zot:1:    grunt_twist_and_shout, layout_cathedral_of_symmetry, uniq_josephina
Zot:2:    layout_cathedral_of_symmetry
Zot:3:    layout_misc_corridors, lemuel_baited_zot_trap,
          hangedman_zot_decor_slant, st_stairs_14
Zot:4:    layout_gridlike, ebering_ghost_xom, grunt_ministairs_3
Zot:5:    layout_cathedral_of_symmetry, skrybe_zot_glass_1

Skill      XL: |  1  2  3  4  5  6  7  8  9 10 11 12 13 14 15 16 17 18 19 20 |
---------------+-------------------------------------------------------------+-----
Stealth        | 1 2 |  2.0
Poison Magic   | 1 2 |  2.0
Fighting       | 2 3 4 6 7 8 10 12 | 12.0
Dodging        | 3 4 5 6 7 8 10 12 | 12.1
Unarmed Combat | 4 5 6 7 8 10 12 | 12.1
Ice Magic      | 1 4 5 8 10 | 10.0
Transmutations | 4 5 8 10 13 16 | 16.3
Invocations    | 3 7 10 13 | 13.0
Translocations | 3 10 | 10.0
Spellcasting   | 3 7 13 15 | 15.1
Earth Magic    | 8 13 | 13.3

Action                   |  1- 3 |  4- 6 |  7- 9 | 10-12 | 13-15 | 16-18 | 19-21 || total
-------------------------+-------+-------+-------+-------+-------+-------+-------++-------
Melee: Unarmed           |    58 |   140 |   298 |   535 |   774 |   845 |   610 ||  3260
       Constrict         |    13 |    31 |    30 |       |     3 |     2 |     1 ||    80
       Kick              |    10 |    31 |    35 |       |       |       |       ||    76
       Tentacles         |     9 |    14 |    38 |       |     4 |     4 |     3 ||    72
       Punch             |     5 |     5 |     4 |       |     5 |    10 |     7 ||    36
       Tailslap          |       |       |       |       |     5 |    31 |    16 ||    52
       Bite              |       |       |       |       |       |    27 |    10 ||    37
 Cast: Beastly Appendage |    14 |    31 |    19 |       |       |       |       ||    64
       Spider Form       |       |     4 |    17 |       |       |       |       ||    21
       Wereblood         |       |     1 |     5 |     5 |     9 |       |       ||    20
       Ice Form          |       |       |       |    68 |   101 |       |       ||   169
       Frozen Ramparts   |       |       |       |       |    15 |       |       ||    15
       Ozocubu's Armour  |       |       |       |       |    11 |     3 |       ||    14
       Dragon Form       |       |       |       |       |     5 |   115 |    51 ||   171
       Manifold Assault  |       |       |       |       |       |   398 |   278 ||   676
       Statue Form       |       |       |       |       |       |       |     7 ||     7
Invok: Bend Time         |       |       |       |     1 |       |       |       ||     1
       Slouch            |       |       |       |       |    14 |     3 |       ||    17
       Step From Time    |       |       |       |       |     1 |       |     2 ||     3
Evoke: Wand              |       |       |     8 |       |       |       |       ||     8
       Phantom mirror    |       |       |       |       |     1 |       |       ||     1
       Condenser vane    |       |       |       |       |       |     1 |       ||     1
  Use: Scroll            |       |     5 |     6 |     5 |    16 |     9 |     7 ||    48
       Potion            |       |     9 |     1 |     1 |     5 |     1 |     6 ||    23
 Stab: Sleeping          |     6 |     6 |     4 |     4 |     8 |     1 |       ||    29
       Paralysed         |       |       |     4 |       |       |       |       ||     4
       Distracted        |       |       |       |       |     4 |     1 |       ||     5
Armor: Skin              |     2 |    70 |    14 |   118 |   268 |   211 |   123 ||   806
Dodge: Dodged            |    41 |    99 |   281 |   618 |   929 |   218 |   209 ||  2395
Block: Other             |       |       |       |       |   114 |    82 |    49 ||   245
       Reflection        |       |       |       |       |     7 |     8 |       ||    15

Table legend: (Time is in decaauts)
 A = Elapsed time spent in this place.
 B = Non-inter-level travel time spent in this place.
 C = Inter-level travel time spent in this place.
 D = Time resting spent in this place.
 E = Time spent auto-exploring this place.
 F = Levels seen in this place.
 G = Mean time per level.
                   A        B        C        D        E       F      G
               +--------+--------+--------+--------+--------+-----+--------+
         Total |  53836 |  50351 |   3485 |   7298 |  34947 |  46 | 1170.3 |
       Dungeon |  18981 |  17469 |   1512 |    816 |  13824 |  15 | 1265.4 |
        Temple |    234 |    214 |     20 |      0 |    203 |   1 |  234.0 |
          Lair |  10843 |   9783 |   1060 |    758 |   7736 |   6 | 1807.2 |
        Shoals |   4163 |   4075 |     88 |   1010 |   2277 |   4 | 1040.8 |
   Spider Nest |   8499 |   8088 |    411 |    554 |   6676 |   4 | 2124.8 |
    Slime Pits |   4785 |   4710 |     75 |   3121 |    699 |   5 |  957.0 |
  Orcish Mines |   2489 |   2270 |    219 |    170 |   1637 |   2 | 1244.5 |
        Depths |   2205 |   2107 |     98 |    226 |   1461 |   4 |  551.2 |
           Zot |   1633 |   1633 |      0 |    642 |    433 |   5 |  326.6 |
               +--------+--------+--------+--------+--------+-----+--------+

Top non-repeatable levels by time:
Spider:4: 4350 daAuts
 Slime:5: 2773 daAuts
Shoals:4: 2336 daAuts
  Lair:2: 2256 daAuts
Spider:2: 2213 daAuts
  Lair:3: 2206 daAuts
    D:15: 2060 daAuts
  Lair:5: 1956 daAuts
  Lair:4: 1806 daAuts
     D:2: 1665 daAuts
    D:14: 1653 daAuts
Spider:3: 1525 daAuts
    D:13: 1514 daAuts
    D:12: 1443 daAuts
     D:9: 1437 daAuts
